[Event "XIV Closed IM BCC 2021"]
[Site "Barcelona"]
[Date "2021.05.10"]
[Round "7.3"]
[White "Munoz, Miguel"]
[Black "Martin Barcelo, Carles"]
[Result "1/2-1/2"]
[ECO "C07"]
[WhiteElo "2462"]
[BlackElo "2201"]
[Annotator "ChessBase"]
[PlyCount "38"]
[EventDate "2021.05.03"]
[EventType "tourn"]
[EventCountry "ESP"]
[SourceTitle "playchess.com"]
[Source "ChessBase"]
[SourceQuality "1"]
[TimeControl "5400+30"]

1. e4 e6 2. d4 d5 3. Nd2 c5 4. Ngf3 cxd4 5. exd5 Qxd5 6. Bc4 Qd6 7. O-O Nf6 8. Nb3 Nc6 9. Qe2 a6 10. a4 Be7 11. Rd1 e5 12. Bg5 O-O 13. c3 Bg4 14. Bxf6 Bxf6 15. Qe4 Bxf3 16. Qxf3 Rad8 17. cxd4 exd4 18. Rac1 Rfe8 19. Nc5 Re7 1/2-1/2

[Event "XIV Closed IM BCC 2021"]
[Site "Barcelona"]
[Date "2021.05.10"]
[Round "7.4"]
[White "Ryan, Joseph"]
[Black "Boyer, Mahel"]
[Result "0-1"]
[ECO "A14"]
[WhiteElo "2271"]
[BlackElo "2333"]
[Annotator "NA"]
[PlyCount "83"]
[EventDate "2021.05.03"]
[EventType "tourn"]
[EventCountry "ESP"]
[SourceTitle "playchess.com"]
[Source "ChessBase"]
[SourceQuality "1"]
[TimeControl "5400+30"]

1. Nf3 Nf6 2. c4 e6 3. g3 d5 4. Bg2 Be7 5. O-O O-O 6. b3 c5 7. Bb2 Nc6 8. cxd5 exd5 9. d4 b6 10. Nc3 Ba6 11. Re1 Rc8 12. Rc1 c4 13. Ne5 cxb3 14. Nxd5 Nxe5 15. Rxc8 Bxc8 16. Nxe7+ Qxe7 17. dxe5 Ng4 18. Qxb3 Qc5 19. e3 Be6 20. Qa4 b5 21. Qd1 Rc8 22. h3 Nxe5 23. Bd4 Qc7 24. Qb1 a6 25. Qe4 Nc4 26. Rc1 h6 27. Kh2 Qd7 28. Qd3 Rd8 29. Qc3 f6 30. Rd1 Rc8 31. Qe1 Qf7 32. Qe2 b4 33. Be4 a5 34. Bd3 Rb8 35. Rc1 Nd6 36. Rc6 Qd7 37. Ra6 a4 38. Qh5 b3 39. axb3 axb3 40. Bb2 Nc4 41. Bxc4 Bxc4 42. Ra1 0-1

[Event "XIV Closed IM BCC 2021"]
[Site "Barcelona"]
[Date "2021.05.10"]
[Round "7.5"]
[White "Benedetti, Julio"]
[Black "Asis Gargatagli, Hipolito"]
[Result "0-1"]
[ECO "C50"]
[WhiteElo "2282"]
[BlackElo "2454"]
[Annotator "ChessBase"]
[PlyCount "78"]
[EventDate "2021.05.03"]
[EventType "tourn"]
[EventCountry "ESP"]
[SourceTitle "playchess.com"]
[Source "ChessBase"]
[SourceQuality "1"]
[TimeControl "5400+30"]

1. e4 e5 2. Nf3 Nc6 3. Bc4 Nf6 4. d3 Bc5 5. c3 O-O 6. O-O d6 7. a4 a5 8. h3 Ba7 9. Re1 Ne7 10. Nbd2 Ng6 11. Nf1 c6 12. Bb3 d5 13. exd5 Nxd5 14. Bg5 f6 15. Be3 Bxe3 16. Nxe3 Kh8 17. Bc2 Re8 18. Nf1 f5 19. Ng3 h6 20. h4 Qf6 21. h5 Nh4 22. Bb3 Bd7 23. Bc4 Rad8 24. Nxh4 Qxh4 25. Nf1 Nf4 26. Ng3 Qg5 27. Qb3 b5 28. Bf7 Re7 29. axb5 cxb5 30. Rxa5 Bc6 31. Ra6 Bxg2 32. Bg6 Bb7 33. Ra7 Nxg6 34. hxg6 f4 35. Qxb5 fxg3 36. Rxb7 gxf2+ 37. Kxf2 Qd2+ 38. Re2 Rf8+ 39. Kg3 Qf4+ 0-1

[Event "XIV Closed IM BCC 2021"]
[Site "Barcelona"]
[Date "2021.05.12"]
[Round "9.1"]
[White "Perez Perez, Gabriel"]
[Black "Msellek, Ilyass"]
[Result "1/2-1/2"]
[ECO "B07"]
[WhiteElo "2079"]
[BlackElo "2342"]
[Annotator "RC"]
[PlyCount "111"]
[EventDate "2021.05.03"]
[EventType "tourn"]
[EventCountry "ESP"]
[SourceTitle "playchess.com"]
[Source "ChessBase"]
[SourceQuality "1"]
[TimeControl "5400+30"]

1. d4 d6 2. e4 Nf6 3. Nc3 Nbd7 4. Nf3 e5 5. Bc4 Be7 6. O-O O-O 7. Re1 c6 8. a4 b6 9. d5 cxd5 10. Bxd5 Nxd5 11. Nxd5 Bb7 12. a5 bxa5 13. Bd2 Bxd5 14. Bxa5 Qb8 15. Qxd5 Rc8 16. Bc3 Nc5 17. Nd2 Ne6 18. g3 Rc5 19. Qd3 Qc8 20. Nf1 Ng5 21. Nd2 Nh3+ 22. Kg2 h5 23. Qf3 g6 24. Kh1 Ng5 25. Qe2 Ne6 26. Nf3 a5 27. Ra4 Bd8 28. Qd3 Qc6 29. Rea1 Bb6 30. Kg1 Qc7 31. R4a3 Rc8 32. Rd1 Rc6 33. h4 Rf8 34. Qd5 Rc5 35. Qd2 Qc6 36. Qe2 f5 37. Nd2 f4 38. Kh1 Qc8 39. Kg2 Rc7 40. Rf1 Rcf7 41. Kh1 Ng5 42. f3 fxg3 43. Qg2 Nxf3 44. Qxg3 Nxd2 45. Rxf7 Rxf7 46. Bxd2 Rf1+ 47. Kh2 Rf2+ 48. Kh1 Qe6 49. Rb3 Rf1+ 50. Kh2 Rf2+ 51. Kh1 Rxd2 52. Rxb6 Qg4 53. Qb3+ Kg7 54. Rb7+ Kh6 55. Rh7+ Kxh7 56. Qf7+ 1/2-1/2